 Dungeon Crawl Stone Soup version 0.31-a0-982-g1816016 (webtiles) character file.

Game seed: 17472537673048879221

1693923 PurpleRed the Intangible (level 26, 179/179 HPs)
             Began as a Deep Elf Berserker on Nov 1, 2023.
             Was the Champion of Trog.
             Escaped with the Orb
             ... and 3 runes on Nov 2, 2023!
             The game lasted 03:40:46 (67907 turns).

PurpleRed the Intangible (Deep Elf Berserker)      Turns: 67907, Time: 03:40:47

Health: 179/179    AC: 37    Str: 17    XL:     26   Next: 61%
Magic:  25/25      EV: 31    Int: 31    God:    Trog [******]
Gold:   4383       SH: 24    Dex: 32    Spells: 25/25 levels left

rFire   + + .        a - +9 demon blade (flame)
rCold   + . .        h - +5 kite shield {rF+}
rNeg    . . .        M - +7 chain mail "Inokoin" {Contam +Inv rElec SInv}
rPois   +            p - +2 helmet {SInv}
rElec   +            q - +2 cloak {Stlth+}
rCorr   +            c - +4 pair of gloves "Qutute" {+Blink rF- rCorr Str+5 Slay+6}
SInv    +            j - +2 pair of boots {Fly}
Will    +++..        v - amulet "Miteofus" {rElec Regen+ Dex+7 Slay+2}
Stlth   +            C - ring "Heral" {*Slow rPois Int+6 Dex+5 Stlth+}
HPRegen 1.29/turn    R - ring of Obudghio {Contam rF+ Will+ SInv}
MPRegen 0.19/turn

%: slow self (1%)
@: flying, studying 4 skills
A: clever 2, cold resistance 1, fire resistance 1, noise suppression
0: Orb of Zot
}: 3/15 runes: decaying, serpentine, silver
a: Renounce Religion, Evoke Blink, Evoke Invisibility, Berserk, Trog's Hand,
Brothers in Arms


You escaped.
You worshipped Trog.
Trog was exalted by your worship.
You visited 10 branches of the dungeon, and saw 48 of its levels.
You visited the Abyss 1 time.
You visited 1 ziggurat, and saw 6 of its levels.
You also visited: Trove, Ossuary, Ice Cave and Desolation.

You collected 9443 gold pieces.
You spent 5060 gold pieces at shops.

Inventory:

Hand Weapons
 a - a +9 demon blade of flaming (weapon)
 b - a +9 antimagic hand cannon
 l - a +2 antimagic rapier
 P - a +1 spectral double sword
Missiles
 H - 6 curare-tipped darts
Armour
 c - the +4 pair of gloves "Qutute" (worn) {+Blink rF- rCorr Str+5 Slay+6}
   (You bought it in a shop on level 2 of the Orcish Mines)

   Str+5:     It affects your strength (+5).
   Slay+6:    It affects your accuracy & damage with ranged weapons and melee
   (+6).
   rF-:       It makes you vulnerable to fire.
   +Blink:    It lets you blink.
   rCorr:     It protects you from acid and corrosion.
 h - a +5 kite shield of fire resistance (worn)
 j - a +2 pair of boots of flying (worn)
 k - the +6 plate armour "Goymnos" {Str+3}
   (You found it on level 2 of the Dungeon)

   Str+3:     It affects your strength (+3).
 p - a +2 helmet of see invisible (worn)
 q - a +2 cloak of stealth (worn)
 J - a +1 buckler of resistance
 M - the +7 chain mail "Inokoin" (worn) {Contam +Inv rElec SInv}
   (You found it on level 7 of the Dungeon)

   rElec:     It insulates you from electricity.
   SInv:      It lets you see invisible.
   +Inv:      It lets you turn invisible.
   Contam:    It causes magical contamination when unequipped.
 O - the +0 pair of fencer's gloves {Riposte Dex+3}
   (You found it in the Desolation of Salt)

   Riposte:   It allows the wearer to riposte with melee weapons, swiftly
   retaliating against missed or blocked melee attacks.
   Dex+3:     It affects your dexterity (+3).
 X - the +0 buckler of Honour {rElec rPois Will+ Int+3}
   (You took it off an imperial myrmidon in the Desolation of Salt)

   Int+3:     It affects your intelligence (+3).
   rElec:     It insulates you from electricity.
   rPois:     It protects you from poison Will+: It increases your willpower.
Jewellery
 f - the ring "Deibrocele" {Wiz *Corrode rPois Will+}
   (You took it off an imperial myrmidon in the Desolation of Salt)

   [ring of wizardry]

   Wiz:       It improves your spell success rate.
   rPois:     It protects you from poison Will+: It increases your willpower.
   *Corrode:  It may corrode you when you take damage.
 m - the ring of Zial {rElec rF- rC+ Will++ rCorr Dex+4}
   (You acquired it on level 3 of the Depths)

   [ring of protection from cold]

   Dex+4:     It affects your dexterity (+4).
   rF-:       It makes you vulnerable to fire.
   rC+:       It protects you from cold.
   rElec:     It insulates you from electricity.
   Will++:    It greatly increases your willpower.
   rCorr:     It protects you from acid and corrosion.
 n - a ring of protection from fire
 v - the amulet "Miteofus" (around neck) {rElec Regen+ Dex+7 Slay+2}
   (You bought it in a shop on level 2 of the Orcish Mines)

   [amulet of regeneration]

   Dex+7:     It affects your dexterity (+7).
   Slay+2:    It affects your accuracy & damage with ranged weapons and melee
   (+2).
   rElec:     It insulates you from electricity.
   Regen+:    It increases your rate of health regeneration.
 C - the ring "Heral" (left hand) {*Slow rPois Int+6 Dex+5 Stlth+}
   (You took it off a naga mage on level 4 of the Snake Pit)

   [ring of intelligence]

   Int+6:     It affects your intelligence (+6).
   Dex+5:     It affects your dexterity (+5).
   rPois:     It protects you from poison *Slow: It may slow you when you take
   damage.
   Stlth+:    It makes you more stealthy.
 R - the ring of Obudghio (right hand) {Contam rF+ Will+ SInv}
   (You bought it in a shop on level 2 of the Orcish Mines)

   [ring of see invisible]

   rF+:       It protects you from fire.
   Will+:     It increases your willpower.
   SInv:      It lets you see invisible.
   Contam:    It causes magical contamination when unequipped.
 T - the ring of Kaeklot {rC+ MP+9 Dex+3}
   (You found it on level 3 of the Elven Halls)

   [ring of magical power]

   Dex+3:     It affects your dexterity (+3).
   rC+:       It protects you from cold.
   MP+9:      It affects your magic capacity (+9).
 V - the ring of Red Wine {Drain Fly rElec Str+5}
   (You found it on level 3 of the Elven Halls)

   [ring of flight]

   Str+5:     It affects your strength (+5).
   rElec:     It insulates you from electricity.
   Fly:       It grants you flight.
   Drain:     It drains your maximum health when unequipped.
 W - a +6 ring of dexterity
Talismans
 y - a talisman of death
Wands
 o - a wand of light (43)
 x - a wand of iceblast (58)
 L - a wand of digging (14)
Scrolls
 g - a scroll of enchant weapon
 u - 2 scrolls of enchant armour
 A - 8 scrolls of fog
 B - 13 scrolls of revelation
 D - 6 scrolls of blinking
 E - 4 scrolls of brand weapon
 G - 15 scrolls of teleportation
 N - 9 scrolls of fear
 S - 4 scrolls of immolation
 Y - 4 scrolls of silence
 Z - 2 scrolls of butterflies
Potions
 d - 2 potions of invisibility
 e - 9 potions of lignification
 i - 3 potions of haste
 r - 3 potions of ambrosia
 s - 4 potions of cancellation
 t - 6 potions of enlightenment
 w - 16 potions of curing
 z - 6 potions of might
 F - 7 potions of resistance
 I - 3 potions of heal wounds
 K - 4 potions of mutation
 Q - 4 potions of berserk rage
 U - 12 potions of attraction


   Skills:
 - Level 22.0 Fighting
 - Level 22.0 Long Blades
 - Level 18.0 Ranged Weapons
 + Level 16.2 Armour
 O Level 27 Dodging
 - Level 20.0 Shields


You had 25 spell levels left.
You didn't know any spells.
Your spell library contained the following spells:

 Spells                   Type           Power      Damage    Failure   Level
 Apportation              Tloc           0%         N/A       52%         1
 Freeze                   Ice            0%         1d3       52%         1
 Kiss of Death            Conj/Necr      0%         2d5       52%         1
 Sandblast                Erth           0%         2d4       52%         1
 Shock                    Conj/Air       0%         1d3       52%         1
 Slow                     Hex            0%         N/A       52%         1
 Sting                    Tmut/Pois      0%         1d3       52%         1
 Cigotuvi's Dreadful Rot  Necr/Pois/Air  0%         N/A       67%         2
 Ensorcelled Hibernation  Hex/Ice        0%         N/A       67%         2
 Jinxbite                 Hex            0%         N/A       67%         2
 Passwall                 Tmut/Erth      0%         N/A       67%         2
 Poisonous Vapours        Pois/Air       0%         N/A       67%         2
 Call Canine Familiar     Summ           0%         N/A       88%         3
 Confusing Touch          Hex            0%         N/A       88%         3
 Dazzling Flash           Conj/Hex       0%         N/A       88%         3
 Frozen Ramparts          Ice            0%         1d1       88%         3
 Hailstorm                Conj/Ice       0%         3d3       88%         3
 Ignite Poison            Fire/Tmut/Pois 0%         N/A       88%         3
 Inner Flame              Hex/Fire       0%         N/A       88%         3
 Sigil of Binding         Hex            0%         N/A       88%         3
 Stone Arrow              Conj/Erth      0%         3d7       88%         3
 Swiftness                Air            0%         N/A       88%         3
 Teleport Other           Tloc           0%         N/A       88%         3
 Vampiric Draining        Necr           0%         2d6       88%         3
 Volatile Blastmotes      Fire/Tloc      0%         2d10      88%         3
 Animate Armour           Summ/Erth      0%         N/A       99%         4
 Animate Dead             Necr           0%         N/A       99%         4
 Brom's Barrelling Bould  Conj/Erth      0%         2d3       99%         4
 Dimensional Bullseye     Hex/Tloc       0%         N/A       99%         4
 Dispel Undead            Necr           0%         3d6       99%         4
 Flame Wave               Conj/Fire      0%         2d4       99%         4
 Fulminant Prism          Conj/Hex       0%         3d5       99%         4
 Iskenderun's Mystic Bla  Conj/Tloc      0%         2d3       99%         4
 Manifold Assault         Tloc           0%         N/A       99%         4
 Olgreb's Toxic Radiance  Pois           0%         N/A       99%         4
 Petrify                  Tmut/Erth      0%         N/A       99%         4
 Sticky Flame             Conj/Fire      0%         2d3       99%         4
 Summon Ice Beast         Ice/Summ       0%         N/A       99%         4
 Vhi's Electric Charge    Tloc/Air       0%         N/A       99%         4
 Alistair's Intoxication  Tmut/Pois      0%         N/A       100%        5
 Arcjolt                  Conj/Air       0%         1d10      100%        5
 Borgnjor's Vile Clutch   Necr/Erth      0%         N/A       100%        5
 Iskenderun's Battlesphe  Conj           0%         2d6       100%        5
 Metabolic Englaciation   Hex/Ice        0%         N/A       100%        5
 Summon Mana Viper        Hex/Summ       0%         N/A       100%        5
 Yara's Violent Unravell  Hex/Tmut       0%         3d3       100%        5
 Bombard                  Conj/Erth      0%         9d1       100%        6
 Conjure Ball Lightning   Conj/Air       0%         3x3d6     100%        6
 Death Channel            Necr           0%         N/A       100%        6
 Dispersal                Tloc           0%         N/A       100%        6
 Eringya's Noxious Bog    Tmut/Pois      0%         4d6       100%        6
 Simulacrum               Ice/Necr       0%         N/A       100%        6
 Summon Cactus Giant      Summ           0%         N/A       100%        6
 Enfeeble                 Hex            0%         N/A       100%        7
 Haunt                    Necr/Summ      0%         N/A       100%        7
 Monstrous Menagerie      Summ           0%         N/A       100%        7
 Ozocubu's Refrigeration  Ice            0%         4d7       100%        7
 Spellforged Servitor     Conj/Summ      0%         N/A       100%        7
 Disjunction              Tloc           0%         N/A       100%        8
 Infestation              Necr           0%         N/A       100%        8
 Maxwell's Capacitive Co  Air            0%         ∞         100%        8
 Chain Lightning          Conj/Air       0%         N/A       100%        9
 Fire Storm               Conj/Fire      0%         5d1       100%        9
 Polar Vortex             Ice            0%         N/A       100%        9
 Shatter                  Erth           0%         3d5*      100%        9


Dungeon Overview and Level Annotations

Branches:
Dungeon (15/15)            Temple (1/1) D:7            Lair (5/5) D:11
  Swamp (4/4) Lair:3        Snake (4/4) Lair:2        Slime (0/5) Lair:5
    Orc (2/2) D:9             Elf (3/3) Orc:2        Vaults (5/5) D:14
  Crypt (0/3) Vaults:2     Depths (4/4) D:15            Zot (5/5) Depths:4
Ossuary (visited)           IceCv (visited)         Desolation (visited)

Altars:
Ashenzari
Cheibriados
Dithmenos
Elyvilon
Fedhas
Gozag
Hepliaklqana
Kikubaaqudgha
Makhleb
Nemelex Xobeh
Okawaru
Qazlal
Ru
Sif Muna
Trog
Uskayaw
Vehumet
Wu Jian
Xom
Yredelemnul
Zin
The Shining One
Lugonu

Shops:
D:4 ??[   D:13 =   Orc:2 **[*=?   Elf:3 :*[[   Snake:1 ?:   Snake:4 :=:
Vaults:2 (   Vaults:3 [   Vaults:5 =   Zot:4 *   Depths:1 !

Portals:
Hell: Depths:1 Depths:2 Depths:3 Depths:4
Abyss: Depths:3
Pandemonium: Depths:2

Annotations:
Zot:1 1 runed translucent door, Carefully's ghost, master FeSh
Zot:4 3 runed translucent doors, exclusion: obsidian statue, Iqymp's ghost, legendary MiFi


Innate Abilities, Weirdness & Mutations

Your mind is very acute. (Int +8, Str/Dex -2)
Your flesh is cold resistant. (rC+)
Your flesh is heat resistant. (rF+)
You passively dampen the noise of your surroundings.


Message History

Trog accepts your kill.
What level of the Dungeon? (default 1, ? - help)
There is a stone staircase leading up, spattered with blood here.
You fly upwards.
There is a stone staircase leading down here.
A demonspawn black sun and a soul eater come into view.
You block the demonspawn black sun's attack.
The demonspawn black sun mumbles some strange prayers to Kikubaaqudgha.
The demonspawn black sun begins absorbing vital energies!
The soul eater begins absorbing vital energies!
You slash the demonspawn black sun! You burn the demonspawn black sun!
The demonspawn black sun is moderately wounded.
You open the demonspawn black sun like a pillowcase!!!
You burn the demonspawn black sun!!
The demonspawn black sun is almost dead.
You block the demonspawn black sun's attack.
The soul eater completely misses you.
You cut the demonspawn black sun into ribbons!!!
You burn the demonspawn black sun.
You kill the demonspawn black sun!
Trog accepts your kill.
You barely miss the soul eater. You block the soul eater's attack.
You completely miss the soul eater. You block the soul eater's attack.
You open the soul eater like a pillowcase!!!
You burn the soul eater!
You kill the soul eater!
Trog accepts your kill.
What level of the Dungeon? (default 1, ? - help)
There is a stone staircase leading up here.
You fly upwards.
There is a stone staircase leading down here.
There is an open door here.
There is a staircase leading out of the dungeon here.
Unknown command.
Okay, then.
Unknown command.
Okay, then.
Unknown command.
Unknown command.
You have escaped!

#.# #.#......#......# ##..#. ..#
#........#......# ##...
##########.....###.....#######.##
#............# #.............#.
#...........## ##............#.
#############'#####'##########.#.
..#..### ##.....## ###...#.
#.#....### ##.....## ###.....#.
#.#......####...@...####.......#.
#.#........##.......##...........
#.##.......###.....###.....###.##
.....#.....# ###'### #.....#.....
...#.#....## ##.## ##......#.##
#....#....# ###...### #....#.#...
#....#...####.......####.....#...
###......##...........##.....#...
).......#.....######....#........


There were no monsters in sight!

Vanquished Creatures
  2 dread liches
  2 ancient liches (Zot:5)
  3 orbs of fire (Zot:5)
  Josephina (Zot:3)
  Bai Suzhen (Vaults:4)
  9 Killer Klowns
  Saint Roka (Vaults:5)
  A curse toe (Zot:2)
  13 golden dragons
  2 electric golems (Zot:5)
  An iron giant (Zig:6)
  A Hell Sentinel (D:4)
  An Ice Fiend (D:11)
  25 Orb Guardians
  2 liches (Vaults:5)
  2 walking divine tomes
  21 tentacled monstrosities
  3 deep elf master archers (Elf:3)
  5 deep elf blademasters
  2 titans (Vaults:5)
  7 quicksilver dragons
  Frances (Swamp:1)
  8 death cobs
  Gastronok (Lair:3)
  A sphinx (Vaults:2)
  An ancient champion (Zig:6)
  A tentacled starspawn (Abyss:3)
  Aizul (Snake:1)
  4 thorn hunters
  9 tengu reavers
  Kirke (Swamp:1)
  16 shadow dragons
  Donald (Snake:2)
  9 draconian knights
  12 storm dragons
  4 draconian monks
  The ghost of Kave the Brawler, a journeyman TrSh of Sif Muna (Lair:5)
  2 revenants (Vaults:2)
  15 vault wardens
  9 deep elf sorcerers
  5 nagarajas (Snake:4)
  6 frost giants
  3 ghost moths
  5 draconian scorchers
  3 imperial myrmidons (Desolation)
  A balrug (Zot:3)
  2 deep elf elementalists (Elf:3)
  5 fire giants
  7 draconian stormcallers
  A cacodemon (Zot:3)
  A quicksilver ooze (shapeshifter) (Depths:4)
  10 draconian annihilators
  2 orc warlords
  2 angels (Elf:2)
  2 ghouls
  15 ironbound preservers
  3 war gargoyles
  8 draconian shifters
  18 very ugly things
  3 vampire knights
  8 ironbound thunderhulks
  13 stone giants
  2 formless jellyfish (Vaults:3)
  5 eleionomae
  2 lorocyprocas
  3 deep elf demonologists
  5 deep elf annihilators
  14 green draconians
  21 white draconians
  14 yellow draconians
  18 red draconians
  3 spark wasps (Depths:4)
  16 black draconians
  9 dire elephants
  2 bunyips (Swamp:4)
  2 demonspawn black suns
  9 purple draconians
  A dire elephant (shapeshifter) (D:10)
  3 halazid warlocks (Desolation)
  2 iron golems (Zig:6)
  11 ettins
  2 crystal guardians (Desolation)
  A green death (Depths:2)
  7 entropy weavers
  7 fire dragons
  4 deep elf death magi
  16 yaktaur captains
  3 shambling mangroves
  2 rakshasas (Depths:1)
  6 great orbs of eyes
  9 ragged hierophants (Desolation)
  31 hydras
  2 deep elf high priests
  2 salamander tyrants
  3 hell beasts
  14 servants of whispers (Desolation)
  2 ghost crabs (Swamp:3)
  29 vault guards
  A sphinx zombie (Vaults:3)
  8 centaur warriors
  2 ogre magi
  8 peacekeepers (Desolation)
  15 anacondas
  Erica (D:10)
  2 ice dragons
  3 spriggan air magi
  14 alligators
  8 ironbound frosthearts
  2 two-headed ogres
  11 boulder beetles
  A two-headed ogre (shapeshifter) (Vaults:5)
  27 dancing weapons
  10 deep troll shamans
  21 naga warriors
  16 tengu warriors
  Urug (D:10)
  6 orc high priests
  A shock serpent (shapeshifter) (Vaults:5)
  7 deep troll earth magi
  11 death yaks (Lair:5)
  15 naga sharpshooters
  14 shock serpents
  10 hell knights
  3 spriggan berserkers
  3 skysharks
  A soul eater (D:2)
  16 deep elf knights
  3 sun demons
  6 salamander mystics
  Nergalle (D:11)
  4 goliath frogs
  5 skeletal warriors (D:14)
  6 sea snakes (Snake:2)
  Lodul (D:11)
  4 glowing orange brains
  63 deep trolls
  12 swamp dragons
  6 iron trolls
  2 flayed ghosts
  A shadow demon (D:12)
  9 deep elf archers
  A deep troll (shapeshifter) (Vaults:5)
  10 lindwurms
  7 arcanists
  14 bog bodies
  2 spriggan druids
  23 ironbound convokers
  3 orange crystal statues
  2 golden dragon skeletons
  6 naga ritualists
  A tengu zombie (Vaults:3)
  8 necromancers
  A steelbarb worm (shapeshifter) (Vaults:5)
  3 harpies (Vaults:1)
  10 mana vipers
  9 orc knights
  14 deep elf zephyrmancers
  4 phantasmal warriors
  28 deep elf pyromancers
  3 orc sorcerers
  An oklob plant (Lair:4)
  6 manticores
  A fire giant zombie (Depths:2)
  8 cyclopes
  A manticore (shapeshifter) (Vaults:5)
  3 will-o-the-wisps
  A stone giant zombie (Vaults:4)
  2 wolf spiders
  23 salamanders
  36 ugly things
  26 moths of wrath
  29 elephants
  2 ice statues (Zig:1)
  51 black mambas
  14 guardian serpents
  23 vault sentinels
  33 naga magi
  18 cane toads
  A gargoyle (D:12)
  5 molten gargoyles
  A smoke demon (Depths:2)
  A storm dragon simulacrum (Zot:4)
  Maggie (Lair:1)
  11 komodo dragons
  2 efreet (D:15)
  Psyche (D:11)
  2 kobold demonologists
  3 unseen horrors
  A rime drake (Lair:2)
  47 yaktaurs
  4 freezing wraiths
  2 yaktaurs (shapeshifter)
  A yaktaur skeleton (Vaults:3)
  2 tormentors
  10 tengu conjurers
  A yaktaur zombie (Vaults:3)
  3 golden dragon simulacra
  A red devil (D:15)
  An anaconda simulacrum (IceCv)
  2 queen bees (shapeshifter)
  7 trolls
  7 tyrant leeches
  An ancient zyme (Abyss:3)
  2 burning bushes (Lair:4)
  20 hornets
  2 polar bears
  A meliai (shapeshifter) (D:14)
  79 saltlings (Desolation)
  A raiju (Abyss:3)
  A snapping turtle (shapeshifter) (D:11)
  Prince Ribbit (D:8)
  16 blink frogs
  A flying skull (Zig:4)
  10 dream sheep (Lair:3)
  A dream sheep (shapeshifter) (D:14)
  A fire giant simulacrum (Vaults:4)
  10 water elementals
  8 air elementals
  9 spriggans
  28 slime creatures
  5 wraiths
  3 vampires
  55 yaks
  3 shadows (D:11)
  11 wyverns
  3 fire bats (Depths:2)
  Grum (D:8)
  A basilisk (shapeshifter) (D:15)
  A chaos spawn (D:14)
  10 fire elementals
  2 hogs (Swamp:1)
  6 basilisks
  4 steam dragons
  An elf skeleton (Vaults:3)
  12 redbacks
  7 vampire mosquitoes
  A black draconian simulacrum (Zot:4)
  50 nagas
  3 harpy simulacra (IceCv)
  8 wargs
  13 swamp worms
  2 moth of wrath simulacra (Zot:4)
  31 water moccasins
  A glowing shapeshifter skeleton (Depths:2)
  35 orc warriors
  A black bear (D:8)
  A human skeleton (Vaults:4)
  2 sky beasts
  A meliai simulacrum (D:11)
  7 swamp drakes
  An ice beast (D:7)
  2 ettin simulacra
  9 ogres
  19 wolves
  18 centaurs
  3 kobold brigands
  A phantom (D:6)
  3 gnoll sergeants
  11 bullfrogs
  4 necrophages
  2 scorpions
  10 earth elementals
  14 wights
  A lindwurm simulacrum (IceCv)
  3 killer bees (D:10)
  A troll skeleton (Swamp:1)
  7 howler monkeys
  4 electric eels
  2 jellies
  3 hounds
  31 orc priests
  3 iguanas (D:5)
  2 sleepcaps
  29 orc wizards
  13 mummies (Ossuary)
  Robin (D:3)
  5 gnolls (D:12)
  6 adders
  A shadow imp (D:6)
  2 white imps (D:6)
  3 ufetubi
  2 worms
  A dart slug (D:4)
  76 orcs
  5 ball pythons
  5 endoplasms
  6 giant cockroaches
  20 goblins
  10 hobgoblins
  8 jackals
  18 kobolds
  4 quokkas
  3 bats
  A frilled lizard (D:1)
  A gnoll skeleton (Ossuary)
  2 goblin skeletons (Ossuary)
  A kobold skeleton (Ossuary)
  4 orc skeletons (Ossuary)
  5 rats
  11 rat skeletons (Ossuary)
2382 creatures vanquished.

Vanquished Creatures (collateral kills)
  2 ugly things (D:14)
2 creatures vanquished.

Vanquished Creatures (others)
  Nikola (Snake:1)
  A hydra (Swamp:3)
  A naga sharpshooter (Snake:1)
  A spriggan druid (Swamp:3)
  A swamp dragon (Swamp:4)
  An ugly thing (D:14)
  A yaktaur (Vaults:5)
  2 bloated husks
  A saltling (Desolation)
  A hornet (Swamp:3)
  A human (Swamp:1)
  A swamp worm (Swamp:4)
  8 foxfires
  A spectral weapon (Elf:3)
  5 starspawn tentacles (Abyss:3)
27 creatures vanquished.

Grand Total: 2411 creatures vanquished

Notes
Turn   | Place    | Note
-------+----------+-------------------------------------------
     0 | D:1      | PurpleRed the Deep Elf Berserker began the quest for the
                  | Orb.
     0 | D:1      | Reached XP level 1. HP: 13/13 MP: 3/3
    91 | D:1      | Reached XP level 2. HP: 12/18 MP: 4/4
   429 | D:1      | Reached XP level 3. HP: 21/22 MP: 5/5
   695 | D:1      | Reached ** piety under Trog
  1167 | D:2      | Reached XP level 4. HP: 13/28 MP: 6/6
  1318 | D:2      | Identified the +6 plate armour "Goymnos" {Str+3}
  1543 | D:3      | Found a faded altar of an unknown god.
  1642 | D:3      | Noticed Robin
  1684 | D:3      | Killed Robin
  1896 | D:3      | Reached XP level 5. HP: 32/32 MP: 7/7
  2432 | D:4      | Reached skill level 5 in Long Blades
  2494 | D:4      | Reached XP level 6. HP: 38/38 MP: 8/8
  2590 | D:4      | Found a sand-covered staircase.
  2596 | Ossuary  | Entered an ossuary
  2611 | Ossuary  | Reached *** piety under Trog
  3448 | D:4      | Found Soagilumm's Magic Scroll Shoppe.
  3458 | D:4      | Bought a scroll of blinking for 105 gold pieces
  3634 | D:4      | Found Nouvab's Armour Shop.
  3793 | D:4      | Reached XP level 7. HP: 43/43 MP: 9/9
  3909 | D:4      | Found Evishrih's Magic Scroll Shop.
  3918 | D:4      | Bought a scroll of teleportation for 39 gold pieces
  4018 | D:5      | Entered Level 5 of the Dungeon
  4646 | D:5      | Reached **** piety under Trog
  4985 | D:5      | Found a white marble altar of Elyvilon.
  5029 | D:5      | Reached skill level 3 in Dodging
  5205 | D:5      | Reached XP level 8. HP: 34/48 MP: 10/10
  6073 | D:6      | Reached skill level 5 in Fighting
  6073 | D:6      | Reached skill level 4 in Dodging
  7274 | D:7      | Reached XP level 9. HP: 51/55 MP: 11/11
  7289 | D:7      | Found a staircase to the Ecumenical Temple.
  7313 | Temple   | Entered the Ecumenical Temple
  7419 | D:4      | Bought a +0 pair of gloves of infusion for 138 gold pieces
  7547 | D:7      | Reached skill level 1 in Shields
  7562 | D:7      | Noticed a kobold demonologist
  7565 | D:7      | Noticed a sun demon
  7589 | D:7      | Killed a kobold demonologist
  7714 | D:7      | Found a basalt altar of Yredelemnul.
  7723 | D:7      | Reached skill level 5 in Dodging
  7960 | D:7      | Identified the +7 chain mail "Inokoin" {Contam +Inv rElec
                  | SInv}
  8233 | D:8      | Identified the "Kanoasa"
  8233 | D:8      | Identified the of Duamuf
  8428 | D:8      | Found a sparkling altar of Nemelex Xobeh.
  8485 | D:8      | Found a shimmering blue altar of Sif Muna.
  8588 | D:8      | Found an iron altar of Okawaru.
  8603 | D:8      | Noticed Grum
  8619 | D:8      | Killed Grum
  8623 | D:8      | Reached skill level 10 in Long Blades
  8740 | D:8      | Noticed Prince Ribbit
  8744 | D:8      | Reached XP level 10. HP: 32/61 MP: 12/12
  8891 | D:8      | Killed Prince Ribbit
  9137 | D:8      | Reached ***** piety under Trog
  9386 | D:9      | Found a staircase to the Orcish Mines.
  9581 | D:9      | Found a burning altar of Makhleb.
  9633 | D:9      | Found a blossoming altar of Fedhas.
  9756 | D:9      | Found a faded altar of an unknown god.
  9756 | D:9      | Found a faded altar of an unknown god.
  9758 | D:9      | Found a hazy altar of Hepliaklqana.
 10073 | D:10     | Entered Level 10 of the Dungeon
 10073 | D:10     | Noticed Urug
 10085 | D:10     | Killed Urug
 10359 | D:10     | Noticed a cyclops
 10380 | D:10     | Killed a cyclops
 10464 | D:10     | Reached skill level 6 in Dodging
 10627 | D:10     | Noticed Erica
 10637 | D:10     | Killed Erica
 10638 | D:10     | Reached XP level 11. HP: 68/68 MP: 13/13
 10900 | D:11     | Identified the of Xuengez
 11016 | D:11     | Noticed a boulder beetle
 11049 | D:11     | Killed a boulder beetle
 11115 | D:11     | Noticed a centaur warrior
 11131 | D:11     | Killed a centaur warrior
 11132 | D:11     | Reached skill level 7 in Dodging
 11349 | D:11     | Noticed a centaur warrior
 11500 | D:11     | Killed a centaur warrior
 11533 | D:11     | Noticed a fire giant
 11582 | D:11     | Received a gift from Trog
 11620 | D:11     | Noticed Lodul
 11628 | D:11     | Noticed an ogre mage
 11734 | D:11     | Killed a fire giant
 11850 | D:11     | Killed Lodul
 12098 | D:11     | Noticed a centaur warrior
 12110 | D:11     | Killed a centaur warrior
 12111 | D:11     | Reached XP level 12. HP: 76/76 MP: 14/14
 12118 | D:11     | Killed an ogre mage
 12189 | D:11     | Found a staircase to the Lair.
 12190 | D:11     | Noticed Psyche
 12201 | D:11     | Noticed a tengu warrior
 12204 | D:11     | Killed Psyche
 12209 | D:11     | Identified the +6 orcbow of Xahuc {speed, Will+ Str-4
                  | Int+4}
 12232 | D:11     | Killed a tengu warrior
 12596 | D:11     | Reached skill level 5 in Armour
 12745 | D:11     | Noticed a tengu warrior
 12773 | D:11     | Killed a tengu warrior
 12927 | D:11     | Noticed a six-headed hydra
 12934 | D:11     | Noticed a vault guard
 12937 | D:11     | Killed a six-headed hydra
 13153 | D:11     | Noticed Nergalle
 13384 | D:11     | Killed Nergalle
 13477 | D:11     | Noticed a seven-headed hydra
 13529 | D:11     | Killed a seven-headed hydra
 13624 | D:11     | Noticed a six-headed hydra
 13639 | D:11     | Killed a six-headed hydra
 13869 | D:4      | Bought a scroll of fear for 56 gold pieces
 13869 | D:4      | Bought a scroll of enchant armour for 105 gold pieces
 13870 | D:4      | Bought a scroll of identify for 28 gold pieces
 13900 | D:4      | Bought a scroll of blinking for 97 gold pieces
 13900 | D:4      | Bought a scroll of silence for 123 gold pieces
 13900 | D:4      | Bought a scroll of identify for 26 gold pieces
 14365 | D:11     | Identified the +4 scale mail of Instinct {rN+ rCorr}
 14375 | D:11     | Noticed a boulder beetle
 14423 | D:11     | Killed a boulder beetle
 14424 | D:11     | Reached skill level 10 in Fighting
 14424 | D:11     | Reached skill level 8 in Dodging
 14816 | D:11     | Killed a vault guard
 14842 | D:11     | Reached skill level 15 in Long Blades
 14889 | D:11     | Reached XP level 13. HP: 46/82 MP: 11/15
 14933 | D:11     | Paralysed by a hornet for 1 turns
 14937 | D:11     | Noticed a formless jellyfish
 15068 | D:11     | Noticed a dire elephant
 15085 | D:10     | Killed a dire elephant
 15457 | D:11     | Found a portal to a secret trove of treasure.
 16900 | D:12     | Identified the +6 dagger "Qaxu" {heavy, rElec Str+8 Int-5}
 17316 | Lair:1   | Entered Level 1 of the Lair of Beasts
 18037 | Lair:1   | Noticed Maggie
 18053 | Lair:1   | Killed Maggie
 18498 | Lair:1   | Reached skill level 9 in Dodging
 18520 | Lair:2   | Reached skill level 5 in Shields
 18530 | Lair:2   | Found a staircase to the Snake Pit.
 19313 | Lair:2   | Reached XP level 14. HP: 76/90 MP: 6/16
 20140 | Lair:3   | Noticed Gastronok
 20169 | Lair:3   | Killed Gastronok
 20279 | Lair:3   | Reached skill level 10 in Dodging
 21424 | Lair:3   | Found an ornate altar of the Wu Jian Council.
 21502 | Lair:3   | Found a staircase to the Swamp.
 23065 | Lair:4   | You fall into a shaft and drop 1 floor!
 23065 | Lair:5   | Entered Level 5 of the Lair of Beasts
 24655 | Lair:5   | Reached XP level 15. HP: 69/100 MP: 13/17
 25161 | Lair:5   | Received a gift from Trog
 25221 | Lair:5   | Reached skill level 11 in Dodging
 25694 | Lair:5   | Found a runed translucent door.
 25697 | Lair:5   | Noticed Kave's ghost (journeyman TrSh)
 26079 | Lair:5   | Found a staircase to the Slime Pits.
 26609 | Lair:5   | Killed Kave's ghost
 27183 | Lair:4   | Reached skill level 12 in Dodging
 27476 | D:13     | Found Siotrulu's Jewellery Shoppe.
 27480 | D:13     | Bought an amulet of regeneration for 390 gold pieces
 28748 | D:14     | Reached skill level 15 in Fighting
 28926 | D:14     | Found a gate to the Vaults.
 29923 | D:14     | Received a gift from Trog
 30401 | D:15     | Entered Level 15 of the Dungeon
 30502 | D:15     | Reached XP level 16. HP: 95/109 MP: 11/18
 30915 | D:15     | Found a staircase to the Depths.
 31353 | D:15     | Found an opulent altar of Gozag.
 32055 | Orc:1    | Entered Level 1 of the Orcish Mines
 32475 | Orc:1    | Received a gift from Trog
 32858 | Orc:2    | Entered Level 2 of the Orcish Mines
 33274 | Orc:2    | Gained mutation: Your spells are a little easier to cast,
                  | but a little less powerful. [a neqoxec]
 33372 | Orc:2    | Reached ****** piety under Trog
 33602 | Orc:2    | Found Nauderre's General Store.
 33607 | Orc:2    | Found Tocok's Specific Store.
 33615 | Orc:2    | Bought a scroll of revelation for 135 gold pieces
 34052 | Orc:2    | Found a staircase to the Elven Halls.
 34178 | Orc:2    | Found Beluem's Jewellery Shoppe.
 34178 | Orc:2    | Found Kiphot's Armour Emporium.
 34179 | Orc:2    | Found Fueditog's Assorted Antiques.
 34183 | Orc:2    | Found Maotwo Jeunk's Magic Scroll Shoppe.
 34192 | Orc:2    | Bought the amulet "Miteofus" {rElec Regen+ Dex+7 Slay+2}
                  | for 872 gold pieces
 34208 | Orc:2    | Bought the +4 pair of gloves "Qutute" {+Blink rF- rCorr
                  | Str+5 Slay+6} for 1092 gold pieces
 34221 | Orc:2    | Bought a scroll of blinking for 105 gold pieces
 34236 | Orc:2    | Bought a viscous orange potion for 33 gold pieces
 34314 | Orc:2    | Bought the ring of Obudghio {Contam rF+ Will+ SInv} for 377
                  | gold pieces
 34338 | Vaults:3 | Identified the "Bum Xyifol"
 34338 | Vaults:3 | Identified the "Larun"
 34338 | Crypt:3  | Identified the "Qoomant"
 34338 | Depths:4 | Identified the of Selicsoe
 34338 | Elf:1    | Entered Level 1 of the Elven Halls
 34630 | Elf:1    | Paralysed by an air elemental for 1 turns
 34724 | Elf:1    | Received a gift from Trog
 34868 | Elf:1    | Reached skill level 10 in Armour
 34870 | Abyss:3  | Cast into level 3 of the Abyss (a deep elf sorcerer)
 34881 | Abyss:3  | Found a corrupted altar of Lugonu.
 34912 | Abyss:3  | Noticed a tentacled starspawn
 34932 | Abyss:3  | Killed a tentacled starspawn
 34933 | Abyss:3  | Reached skill level 13 in Dodging
 34982 | Elf:1    | Escaped the Abyss
 35146 | Elf:1    | Identified the +3 falchion "Kyblyunt" {holy, Str+2 Int+4}
 35363 | Elf:1    | Identified the +8 mace of the Sage {elec, Fly Will+ MP+9}
 35397 | Elf:1    | Reached skill level 14 in Dodging
 35432 | Elf:1    | Reached XP level 17. HP: 72/115 MP: 19/19
 35518 | Desolati | Identified the of Utipeif
 35518 | Desolati | Identified the "Efam"
 35518 | Desolati | Identified the "Exkoh"
 35578 | Elf:2    | Found a glowing silver altar of Zin.
 35578 | Elf:2    | Found a crumbling gateway.
 35578 | Elf:2    | Found a glowing golden altar of the Shining One.
 35604 | Elf:2    | Found a white marble altar of Elyvilon.
 35632 | Desolati | Entered the Desolation of Salt
 35666 | Desolati | Reached skill level 15 in Dodging
 35688 | Desolati | Received a gift from Trog
 35890 | Desolati | Identified the +6 lajatang of Offence {freeze, Str+5}
 36013 | Desolati | Identified the ring of Sesot {rPois rF- EV+5 Str+3}
 36056 | Desolati | Found the +0 pair of fencer's gloves {Riposte Dex+3}
 36060 | Desolati | Identified the ring "Patriromel" {Ice Contam Str+6}
 36104 | Desolati | Received a gift from Trog
 36128 | Desolati | Identified the +0 buckler of Honour {rElec rPois Will+
                  | Int+3}
 36128 | Desolati | Identified the ring "Deibrocele" {Wiz *Corrode rPois Will+}
 37645 | Elf:2    | Reached XP level 18. HP: 121/122 MP: 20/20
 37648 | Elf:2    | Found a huge runed translucent gate.
 37648 | Elf:2    | Found a huge runed translucent gate.
 37648 | Elf:2    | Found a huge runed translucent gate.
 37648 | Elf:2    | Found a huge runed translucent gate.
 37649 | Elf:2    | Found a huge runed translucent gate.
 38207 | Elf:2    | Received a gift from Trog
 38380 | Elf:3    | Identified the "Moergh"
 38380 | Elf:3    | Identified the "Tyatri"
 38380 | Elf:3    | Identified the "Qewint"
 38380 | Elf:3    | Identified the "Rousty"
 38380 | Elf:3    | Entered Level 3 of the Elven Halls
 38434 | Elf:3    | Found Moepp's General Store.
 38436 | Elf:3    | Found Iruadiw's Antique Armour Shoppe.
 38436 | Elf:3    | Found Piurog's Book Emporium.
 38439 | Elf:3    | Found Isik Ull's Antique Armour Shoppe.
 38448 | Elf:3    | Bought a pair of runed boots for 270 gold pieces
 38824 | Elf:3    | Reached skill level 16 in Dodging
 39167 | Elf:3    | Identified the ring of Red Wine {Drain Fly rElec Str+5}
 39229 | Elf:3    | Identified the +8 shortbow "Xaaqifaz" {drain, rCorr Int+3}
 39232 | Elf:3    | Identified the ring "Xuups" {Wiz Int+4}
 39233 | Elf:3    | Identified the ring of Kaeklot {rC+ MP+9 Dex+3}
 39420 | Elf:3    | Found an ancient bone altar of Kikubaaqudgha.
 39482 | Elf:3    | Identified the +1 falchion of Trog's Brutal Revenge {flame,
                  | rN+ SInv} (Trog gifted it to you on level 3 of the Elven
                  | Halls)
 39482 | Elf:3    | Received a gift from Trog
 39598 | Elf:3    | Paralysed by an air elemental for 1 turns
 39606 | Elf:3    | Reached skill level 17 in Dodging
 39608 | Elf:3    | Paralysed by an air elemental for 1 turns
 39721 | Elf:3    | Paralysed by an air elemental for 1 turns
 40195 | Orc:2    | Bought a scroll of brand weapon for 133 gold pieces
 40201 | Orc:2    | Bought a scroll of teleportation for 42 gold pieces
 40201 | Orc:2    | Bought a scroll of teleportation for 42 gold pieces
 40201 | Orc:2    | Bought a scroll of teleportation for 42 gold pieces
 40201 | Orc:2    | Bought a scroll of enchant weapon for 105 gold pieces
 40201 | Orc:2    | Bought a scroll of butterflies for 56 gold pieces
 40204 | Orc:2    | Bought a scroll of blinking for 277 gold pieces
 40344 | Snake:1  | Entered Level 1 of the Snake Pit
 40345 | Snake:1  | Found Kiah's Book Shoppe.
 40392 | Snake:1  | Identified the serpent talisman "Laecw" {rElec Str+3 SInv}
 40392 | Snake:1  | Noticed Aizul
 40500 | Snake:1  | Found Qaes's Magic Scroll Shop.
 40503 | Snake:1  | Bought a scroll of teleportation for 54 gold pieces
 40523 | Snake:1  | Killed Aizul
 40875 | D:4      | Bought a scroll of fear for 52 gold pieces
 40875 | D:4      | Bought a scroll of enchant armour for 97 gold pieces
 41022 | D:11     | You paid a toll of 7 scrolls of fear to enter a treasure
                  | trove
 41023 | Trove    | Identified the "Vuwoxufo" (Sif Muna gifted it to you in a
                  | treasure trove)
 41023 | Trove    | Identified the of Xossit (Sif Muna gifted it to you in a
                  | treasure trove)
 41023 | Trove    | Identified the "Hiatwoun" (Sif Muna gifted it to you in a
                  | treasure trove)
 41023 | Trove    | Identified the "Wadoxtyo" (Sif Muna gifted it to you in a
                  | treasure trove)
 41023 | Trove    | Identified the of Pautomaw (Sif Muna gifted it to you in a
                  | treasure trove)
 41023 | Trove    | Identified the "Xiomur" (Sif Muna gifted it to you in a
                  | treasure trove)
 41023 | Trove    | Identified the "Doulammo" (Sif Muna gifted it to you in a
                  | treasure trove)
 41023 | Trove    | Identified the of Ecsiuss (Sif Muna gifted it to you in a
                  | treasure trove)
 41023 | Trove    | Identified the of Qaoghull (Sif Muna gifted it to you in a
                  | treasure trove)
 41023 | Trove    | Identified the "Dogushri" (Sif Muna gifted it to you in a
                  | treasure trove)
 41023 | Trove    | Identified the of Qyug (Sif Muna gifted it to you in a
                  | treasure trove)
 41023 | Trove    | Identified the of Capun (Sif Muna gifted it to you in a
                  | treasure trove)
 41023 | Trove    | Identified the "Hemiqap" (Sif Muna gifted it to you in a
                  | treasure trove)
 41023 | Trove    | Identified the of Ehuo (Sif Muna gifted it to you in a
                  | treasure trove)
 41023 | Trove    | Identified the of Dimnan (Sif Muna gifted it to you in a
                  | treasure trove)
 41023 | Trove    | Identified the "Woplaug" (Sif Muna gifted it to you in a
                  | treasure trove)
 41023 | Trove    | Identified the "Erufiz" (Sif Muna gifted it to you in a
                  | treasure trove)
 41023 | Trove    | Identified the "Qenk" (Sif Muna gifted it to you in a
                  | treasure trove)
 41023 | Trove    | Identified the of Yhucecvo (Sif Muna gifted it to you in a
                  | treasure trove)
 41023 | Trove    | Identified the "Hot Atwa" (Sif Muna gifted it to you in a
                  | treasure trove)
 41023 | Trove    | Identified the "Suleihes" (Sif Muna gifted it to you in a
                  | treasure trove)
 41023 | Trove    | Identified the "Hic Byn" (Sif Muna gifted it to you in a
                  | treasure trove)
 41023 | Trove    | Identified the "Zopneq" (Sif Muna gifted it to you in a
                  | treasure trove)
 41023 | Trove    | Identified the "Pytrate" (Sif Muna gifted it to you in a
                  | treasure trove)
 41023 | Trove    | Identified the of Efreum (Sif Muna gifted it to you in a
                  | treasure trove)
 41023 | Trove    | Identified the "Cicre" (Sif Muna gifted it to you in a
                  | treasure trove)
 41023 | Trove    | Identified the of Magyij Kykh (Sif Muna gifted it to you
                  | in a treasure trove)
 41023 | Trove    | Identified the of Emninos (Sif Muna gifted it to you in a
                  | treasure trove)
 41023 | Trove    | Identified the "Ofaodumewyn" (Sif Muna gifted it to you in
                  | a treasure trove)
 41023 | Trove    | Identified the "Odelat" (Sif Muna gifted it to you in a
                  | treasure trove)
 41023 | Trove    | Identified the of Lyusteps (Sif Muna gifted it to you in a
                  | treasure trove)
 41023 | Trove    | Identified the of Sogeh (Sif Muna gifted it to you in a
                  | treasure trove)
 41023 | Trove    | Identified the "Boafuu Gikhla" (Sif Muna gifted it to you
                  | in a treasure trove)
 41023 | Trove    | Identified the of Haed (Sif Muna gifted it to you in a
                  | treasure trove)
 41023 | Trove    | Identified the "Weriruz" (Sif Muna gifted it to you in a
                  | treasure trove)
 41023 | Trove    | Identified the "Xaiqedgheeva" (Sif Muna gifted it to you
                  | in a treasure trove)
 41023 | Trove    | Identified the of Keobuoqi (Sif Muna gifted it to you in a
                  | treasure trove)
 41023 | Trove    | Identified the of Faestrysh (Sif Muna gifted it to you in
                  | a treasure trove)
 41023 | Trove    | Identified the "Wopsuun" (Sif Muna gifted it to you in a
                  | treasure trove)
 41023 | Trove    | Identified the "Nyudwur" (Sif Muna gifted it to you in a
                  | treasure trove)
 41023 | Trove    | Identified the "Doceobru" (Sif Muna gifted it to you in a
                  | treasure trove)
 41023 | Trove    | Identified the "Teiga" (Sif Muna gifted it to you in a
                  | treasure trove)
 41023 | Trove    | Identified the of Vecir (Sif Muna gifted it to you in a
                  | treasure trove)
 41023 | Trove    | Identified the "Muov" (Sif Muna gifted it to you in a
                  | treasure trove)
 41023 | Trove    | Identified the "Unap" (Sif Muna gifted it to you in a
                  | treasure trove)
 41023 | Trove    | Identified the "Adys" (Sif Muna gifted it to you in a
                  | treasure trove)
 41023 | Trove    | Identified the "Efonumaf" (Sif Muna gifted it to you in a
                  | treasure trove)
 41023 | Trove    | Identified the "Idulacli" (Sif Muna gifted it to you in a
                  | treasure trove)
 41023 | Trove    | Identified the of Xempu (Sif Muna gifted it to you in a
                  | treasure trove)
 41023 | Trove    | Identified the of Koppi (Sif Muna gifted it to you in a
                  | treasure trove)
 41023 | Trove    | Identified the of Lake (Sif Muna gifted it to you in a
                  | treasure trove)
 41023 | Trove    | Identified the "Ruchom" (Sif Muna gifted it to you in a
                  | treasure trove)
 41023 | Trove    | Identified the of Moxac (Sif Muna gifted it to you in a
                  | treasure trove)
 41023 | Trove    | Identified the of Ojoyliuk (Sif Muna gifted it to you in a
                  | treasure trove)
 41023 | Trove    | Identified the "Qisodghirgh" (Sif Muna gifted it to you in
                  | a treasure trove)
 41023 | Trove    | Identified the "Maeq" (Sif Muna gifted it to you in a
                  | treasure trove)
 41023 | Trove    | Identified the of Cecamac (Sif Muna gifted it to you in a
                  | treasure trove)
 41023 | Trove    | Identified the of Zinan (Sif Muna gifted it to you in a
                  | treasure trove)
 41023 | Trove    | Identified the "Qieletz" (Sif Muna gifted it to you in a
                  | treasure trove)
 41023 | Trove    | Identified the "Plog" (Sif Muna gifted it to you in a
                  | treasure trove)
 41023 | Trove    | Identified the of Xifaesiw (Sif Muna gifted it to you in a
                  | treasure trove)
 41023 | Trove    | Identified the of Nulaul (Sif Muna gifted it to you in a
                  | treasure trove)
 41023 | Trove    | Identified the "Beleiff" (Sif Muna gifted it to you in a
                  | treasure trove)
 41023 | Trove    | Identified the of Wubuikh (Sif Muna gifted it to you in a
                  | treasure trove)
 41023 | Trove    | Identified the of Fesitsoi (Sif Muna gifted it to you in a
                  | treasure trove)
 41023 | Trove    | Identified the "Kymos" (Sif Muna gifted it to you in a
                  | treasure trove)
 41023 | Trove    | Identified the "Qigilumm" (Sif Muna gifted it to you in a
                  | treasure trove)
 41023 | Trove    | Identified the of Tuvva (Sif Muna gifted it to you in a
                  | treasure trove)
 41023 | Trove    | Identified the "Toroqex" (Sif Muna gifted it to you in a
                  | treasure trove)
 41023 | Trove    | Identified the "Pouj" (Sif Muna gifted it to you in a
                  | treasure trove)
 41023 | Trove    | Identified the "Ydozyryac" (Sif Muna gifted it to you in a
                  | treasure trove)
 41023 | Trove    | Identified the of Osawko Acau (Sif Muna gifted it to you
                  | in a treasure trove)
 41023 | Trove    | Identified the of Tasumu (Sif Muna gifted it to you in a
                  | treasure trove)
 41023 | Trove    | Identified the "Fehaweez" (Sif Muna gifted it to you in a
                  | treasure trove)
 41023 | Trove    | Identified the "Dyraeroxta" (Sif Muna gifted it to you in
                  | a treasure trove)
 41023 | Trove    | Identified the "Boatt" (Sif Muna gifted it to you in a
                  | treasure trove)
 41023 | Trove    | Identified the "Omuu" (Sif Muna gifted it to you in a
                  | treasure trove)
 41023 | Trove    | Identified the of Howk (Sif Muna gifted it to you in a
                  | treasure trove)
 41023 | Trove    | Identified the "Saulo" (Sif Muna gifted it to you in a
                  | treasure trove)
 41023 | Trove    | Identified the of Gadobra (Sif Muna gifted it to you in a
                  | treasure trove)
 41023 | Trove    | Identified the of Voshriun (Sif Muna gifted it to you in a
                  | treasure trove)
 41023 | Trove    | Identified the of Mush (Sif Muna gifted it to you in a
                  | treasure trove)
 41023 | Trove    | Identified the "Douc" (Sif Muna gifted it to you in a
                  | treasure trove)
 41023 | Trove    | Identified the of Tiat (Sif Muna gifted it to you in a
                  | treasure trove)
 41023 | Trove    | Identified the of Waishen (Sif Muna gifted it to you in a
                  | treasure trove)
 41023 | Trove    | Identified the "Rogebb" (Sif Muna gifted it to you in a
                  | treasure trove)
 41023 | Trove    | Identified the "Manases" (Sif Muna gifted it to you in a
                  | treasure trove)
 41023 | Trove    | Identified the of Toridwah (Sif Muna gifted it to you in a
                  | treasure trove)
 41023 | Trove    | Identified the of Suanurph (Sif Muna gifted it to you in a
                  | treasure trove)
 41023 | Trove    | Identified the "Cieg" (Sif Muna gifted it to you in a
                  | treasure trove)
 41023 | Trove    | Identified the "Amummasiw" (Sif Muna gifted it to you in a
                  | treasure trove)
 41023 | Trove    | Identified the "Qeric" (Sif Muna gifted it to you in a
                  | treasure trove)
 41023 | Trove    | Identified the "Ytoen" (Sif Muna gifted it to you in a
                  | treasure trove)
 41023 | Trove    | Identified the of Vypaun (Sif Muna gifted it to you in a
                  | treasure trove)
 41023 | Trove    | Identified the "Foisah" (Sif Muna gifted it to you in a
                  | treasure trove)
 41023 | Trove    | Identified the "Fotea" (Sif Muna gifted it to you in a
                  | treasure trove)
 41023 | Trove    | Identified the "Tian" (Sif Muna gifted it to you in a
                  | treasure trove)
 41023 | Trove    | Identified the of Dequc (Sif Muna gifted it to you in a
                  | treasure trove)
 41023 | Trove    | Identified the of Osos (Sif Muna gifted it to you in a
                  | treasure trove)
 41023 | Trove    | Identified the of Duisket (Sif Muna gifted it to you in a
                  | treasure trove)
 41023 | Trove    | Identified the of Yptoohem (Sif Muna gifted it to you in a
                  | treasure trove)
 41023 | Trove    | Identified the "Okkokk" (Sif Muna gifted it to you in a
                  | treasure trove)
 41023 | Trove    | Identified the "Riug" (Sif Muna gifted it to you in a
                  | treasure trove)
 41023 | Trove    | Identified the "Qidaet" (Sif Muna gifted it to you in a
                  | treasure trove)
 41023 | Trove    | Identified the "Laijue" (Sif Muna gifted it to you in a
                  | treasure trove)
 41023 | Trove    | Identified the of Liucwah (Sif Muna gifted it to you in a
                  | treasure trove)
 41023 | Trove    | Identified the "Merhokuy" (Sif Muna gifted it to you in a
                  | treasure trove)
 41023 | Trove    | Identified the "Ative Piru" (Sif Muna gifted it to you in
                  | a treasure trove)
 41023 | Trove    | Identified the of Nollif (Sif Muna gifted it to you in a
                  | treasure trove)
 41023 | Trove    | Identified the "Peizun" (Sif Muna gifted it to you in a
                  | treasure trove)
 41023 | Trove    | Identified the of Innuvvau (Sif Muna gifted it to you in a
                  | treasure trove)
 41023 | Trove    | Identified the "Foymik" (Sif Muna gifted it to you in a
                  | treasure trove)
 41023 | Trove    | Identified the "Entijorgh" (Sif Muna gifted it to you in a
                  | treasure trove)
 41023 | Trove    | Identified the "Coexeaso" (Sif Muna gifted it to you in a
                  | treasure trove)
 41023 | Trove    | Identified the "Keqih" (Sif Muna gifted it to you in a
                  | treasure trove)
 41023 | Trove    | Identified the "Kobu" (Sif Muna gifted it to you in a
                  | treasure trove)
 41023 | Trove    | Identified the "Nittaac" (Sif Muna gifted it to you in a
                  | treasure trove)
 41023 | Trove    | Identified the "Kiziusevi" (Sif Muna gifted it to you in a
                  | treasure trove)
 41023 | Trove    | Identified the "Xoyxtur" (Sif Muna gifted it to you in a
                  | treasure trove)
 41023 | Trove    | Identified the of Amoq Ref (Sif Muna gifted it to you in a
                  | treasure trove)
 41023 | Trove    | Entered a treasure trove
 41313 | Snake:1  | Reached skill level 18 in Dodging
 41547 | Snake:1  | Noticed Nikola
 41569 | Snake:1  | Killed Nikola
 41579 | Snake:1  | Reached XP level 19. HP: 73/130 MP: 21/21
 42078 | Snake:2  | Identified the +0 kite shield of Festooned Lucidity {rF+}
 42078 | Snake:2  | Noticed Donald
 42092 | Snake:2  | Killed Donald
 42104 | Snake:2  | Received a gift from Trog
 42751 | Snake:3  | Reached skill level 10 in Shields
 43240 | Snake:3  | Identified a scroll of acquirement
 43248 | Snake:3  | Acquired a manual of Shields
 43804 | Snake:2  | Received a gift from Trog
 43910 | Snake:4  | Entered Level 4 of the Snake Pit
 44396 | Snake:4  | Acquired a manual of Fighting
 44442 | Snake:4  | Received a gift from Trog
 44803 | Snake:4  | Reached XP level 20. HP: 120/136 MP: 22/22
 44826 | Snake:4  | Received a gift from Trog
 44905 | Snake:4  | Got a serpentine rune of Zot
 45072 | Snake:4  | Identified the ring "Heral" {*Slow rPois Int+6 Dex+5
                  | Stlth+}
 45098 | Snake:4  | Gained mutation: You are dopey. (Int -2) [mutagenic glow]
 45109 | Snake:4  | Identified the +1 quarterstaff "Sarirchy" {freeze, rC+
                  | Str+3}
 45385 | Snake:4  | Found Ejizues's Book Boutique.
 45385 | Snake:4  | Found Xuluvyos's Jewellery Shoppe.
 45387 | Snake:4  | Found Gaiviw's Book Boutique.
 45608 | Swamp:1  | Entered Level 1 of the Swamp
 45666 | Swamp:1  | Noticed Kirke
 45680 | Swamp:1  | Killed Kirke
 46061 | Swamp:1  | Noticed Frances
 46072 | Swamp:1  | Killed Frances
 46474 | Swamp:2  | Reached skill level 15 in Shields
 46576 | Swamp:2  | Reached skill level 15 in Armour
 46921 | Swamp:3  | Found a frozen archway.
 46940 | IceCv    | Entered an ice cave
 46954 | IceCv    | Received a gift from Trog
 46975 | IceCv    | Found a transporter.
 46987 | IceCv    | Found a transporter.
 47571 | Swamp:4  | Entered Level 4 of the Swamp
 47945 | Swamp:4  | Received a gift from Trog
 47972 | Swamp:4  | Got a decaying rune of Zot
 47978 | Swamp:4  | Identified the ring of Symmetry {rElec rN+ Will+}
 48623 | Vaults:1 | Entered Level 1 of the Vaults
 48757 | Vaults:1 | Reached XP level 21. HP: 131/147 MP: 23/23
 48965 | Vaults:1 | Received a gift from Trog
 49012 | Vaults:1 | Reached skill level 19 in Dodging
 49893 | Vaults:2 | Identified the +0 flail of the Fool {elec, Fly Int+4 Dex+4}
 49914 | Vaults:2 | Received a gift from Trog
 49990 | Vaults:2 | Found Jeuxko's Antique Weapon Emporium.
 50429 | Vaults:2 | Found a staircase to the Crypt.
 51124 | Vaults:3 | Received a gift from Trog
 51337 | Vaults:3 | Found Hukenk's Armour Shop.
 51385 | Vaults:3 | Reached skill level 20 in Dodging
 51498 | Vaults:3 | Identified the +1 war axe "Vab Reosy" {flame, rC+}
 51517 | Vaults:3 | Identified the +9 flail of Exorus {spect, rElec Int+3}
 52159 | Vaults:3 | Paralysed by a formless jellyfish for 1 turns
 52419 | Vaults:4 | Reached XP level 22. HP: 155/155 MP: 24/24
 52449 | Vaults:4 | Noticed Bai Suzhen
 52475 | Vaults:4 | Killed Bai Suzhen
 52855 | Vaults:4 | Received a gift from Trog
 53842 | Vaults:4 | Upgraded the game from 0.31-a0-981-geadf994 to
                  | 0.31-a0-982-g1816016
 53895 | Vaults:5 | Entered Level 5 of the Vaults
 53969 | Vaults:4 | Received a gift from Trog
 54245 | Vaults:5 | Reached skill level 21 in Dodging
 54383 | Vaults:5 | Got a silver rune of Zot
 54388 | Vaults:5 | Identified the staff "Mud Pie of Death" {rElec SInv Earth}
 54420 | Vaults:5 | Identified the +9 short sword of Disintegration {flame,
                  | Int+3}
 54605 | Vaults:5 | Reached skill level 22 in Dodging
 54615 | Vaults:5 | Identified the +4 flail of Annoyance {flame, *Rage rF+
                  | Str+2}
 54650 | Vaults:5 | Noticed a golden dragon
 54654 | Vaults:5 | Received a gift from Trog
 54661 | Vaults:5 | Killed a golden dragon
 54711 | Vaults:5 | Identified the +7 dire flail of Ghostly Tortfeasance
                  | {venom, rF++ Str+4}
 54899 | Vaults:5 | Identified the +5 lajatang of Lasaiza {pain, *Noise +Blink
                  | Will+}
 54910 | Vaults:5 | Noticed a golden dragon
 54915 | Vaults:5 | Reached skill level 23 in Dodging
 54926 | Vaults:5 | Killed a golden dragon
 54927 | Vaults:5 | Reached XP level 23. HP: 146/162 MP: 25/25
 55029 | Vaults:5 | Noticed Saint Roka
 55080 | Vaults:5 | Killed Saint Roka
 55244 | Vaults:5 | Reached skill level 24 in Dodging
 55286 | Vaults:5 | Noticed a dread lich
 55298 | Vaults:5 | Killed a dread lich
 55312 | Vaults:5 | Found Estrew's Jewellery Boutique.
 55316 | Vaults:5 | Identified the +1 leather armour of Sif Muna's Pride
                  | {Regen+ Stlth+}
 55615 | Vaults:5 | Received a gift from Trog
 55985 | Depths:1 | Entered Level 1 of the Depths
 56040 | Depths:1 | Found Zevyfyno's Distillery.
 56048 | Depths:1 | Bought a potion of heal wounds for 65 gold pieces
 56048 | Depths:1 | Bought a potion of mutation for 104 gold pieces
 56151 | Depths:1 | Found a corrupted altar of Lugonu.
 56447 | Depths:1 | Found a gateway to Hell.
 57148 | Depths:2 | Identified the +10 long sword of the Living Dead {heavy,
                  | rN+ Dex+3 Stlth-} (Trog gifted it to you on level 2 of the
                  | Depths)
 57148 | Depths:2 | Received a gift from Trog
 57332 | Depths:2 | Found a one-way gate leading to the halls of Pandemonium.
 57996 | Depths:3 | Found a one-way gate to the infinite horrors of the Abyss.
 58122 | Depths:3 | Found a one-way gateway to a ziggurat.
 58141 | Depths:3 | Received a gift from Trog
 58152 | Depths:3 | Reached XP level 24. HP: 116/168 MP: 25/25
 58937 | Depths:4 | Entered Level 4 of the Depths
 59409 | Depths:4 | Found a gate to the Realm of Zot.
 59413 | Depths:4 | Reached skill level 1 in Ranged Weapons
 59443 | Depths:4 | Received a gift from Trog
 59539 | Depths:4 | Reached skill level 5 in Ranged Weapons
 59971 | Tar:7    | Identified the "Qaxt"
 59971 | Tar:7    | Identified the of Usairch
 59971 | Tar:7    | Identified the of Navvemm
 59971 | Dis:7    | Identified the of Oviunt
 59971 | Zig:1    | Entered Level 1 of a ziggurat
 59976 | Zig:1    | Noticed an ancient lich
 59978 | Zig:1    | Noticed a dread lich
 60128 | Zig:2    | Entered Level 2 of a ziggurat
 60163 | Zig:3    | Entered Level 3 of a ziggurat
 60202 | Zig:4    | Entered Level 4 of a ziggurat
 60225 | Zig:5    | Entered Level 5 of a ziggurat
 60416 | Zig:6    | Identified the "Laaqaviq"
 60416 | Zig:6    | Entered Level 6 of a ziggurat
 60551 | Zig:6    | Identified the staff of Woaw {*Corrode rF+ Int+8 SInv Fire}
 60564 | Depths:3 | Acquired the ring of Zial {rElec rF- rC+ Will++ rCorr
                  | Dex+4}
 60600 | Zot:1    | Entered Level 1 of the Realm of Zot
 60649 | Zot:1    | Reached skill level 10 in Ranged Weapons
 60978 | Zot:1    | Received a gift from Trog
 61219 | Zot:1    | Found a runed translucent door.
 61219 | Zot:1    | Found a shimmering altar of Xom.
 61219 | Zot:1    | Noticed Carefully's ghost (master FeSh)
 61894 | Zot:2    | Reached skill level 15 in Ranged Weapons
 62203 | Zot:2    | Received a gift from Trog
 62217 | Zot:2    | Reached XP level 25. HP: 37/173 MP: 25/25
 63413 | Zot:3    | Noticed a Killer Klown
 63427 | Zot:3    | Killed a Killer Klown
 63762 | Zot:4    | Identified the ring "Zuas" {Ice rN++}
 63762 | Zot:4    | Noticed Josephina
 63867 | Zot:3    | Killed Josephina
 64059 | Zot:3    | Received a gift from Trog
 64195 | Zot:4    | Identified the +5 glaive of Pride {freeze, Str+2 Int+3
                  | Dex+3}
 64609 | Zot:4    | Identified the +5 flail "Gofu Ugh" {holy, rElec Will++}
 64778 | Zot:4    | Found a runed translucent gate.
 64778 | Zot:4    | Found a runed translucent gate.
 64778 | Zot:4    | Found a runed translucent gate.
 64780 | Zot:4    | Found an opulent altar of Gozag.
 64782 | Zot:4    | Noticed Iqymp's ghost (legendary MiFi)
 64784 | Zot:4    | Found Zimaej's Assorted Antiques.
 65061 | Zot:5    | Entered Level 5 of the Realm of Zot
 65205 | Zot:5    | Identified the +9 great sword "Lebi" {heavy, rPois} (Trog
                  | gifted it to you on level 5 of the Realm of Zot)
 65205 | Zot:5    | Received a gift from Trog
 65736 | Zot:5    | Noticed a Killer Klown
 65767 | Zot:5    | Killed a Killer Klown
 65826 | Zot:5    | Noticed a dread lich
 65826 | Zot:5    | Noticed an orb of fire
 65868 | Zot:5    | Killed a dread lich
 65935 | Zot:5    | Reached skill level 25 in Dodging
 65980 | Zot:5    | Noticed a Killer Klown
 66012 | Zot:5    | Reached XP level 26. HP: 139/179 MP: 10/25
 66046 | Zot:5    | Noticed an ancient lich
 66054 | Zot:5    | Killed an ancient lich
 66445 | Zot:5    | Gained mutation: You are very dopey. (Int -4) [an orb of
                  | fire]
 66453 | Zot:5    | Killed an orb of fire
 66454 | Zot:5    | Reached skill level 26 in Dodging
 66675 | Zot:5    | Received a gift from Trog
 66727 | Zot:5    | Noticed an orb of fire
 66744 | Zot:5    | Killed an orb of fire
 66752 | Zot:5    | Reached skill level 27 in Dodging
 66792 | Zot:5    | Noticed an ancient lich
 66820 | Zot:5    | Killed an ancient lich
 66848 | Zot:5    | Noticed an orb of fire
 66950 | Zot:5    | Lost mutation: You are very dopey. (Int -4) [potion of
                  | mutation]
 66950 | Zot:5    | Lost mutation: You are dopey. (Int -2) [potion of mutation]
 66950 | Zot:5    | Gained mutation: You are strong-willed. (Will+) [potion of
                  | mutation]
 66950 | Zot:5    | Gained mutation: You have hidden genetic potential. [potion
                  | of mutation]
 66950 | Zot:5    | Gained mutation: You have large cloven feet. [potion of
                  | mutation]
 67056 | Zot:5    | Gained mutation: You occasionally lose the ability to drink
                  | potions when taking damage. [an orb of fire]
 67062 | Zot:5    | Killed an orb of fire
 67184 | Zot:5    | Lost mutation: You are strong-willed. (Will+) [potion of
                  | mutation]
 67184 | Zot:5    | Lost mutation: You have hidden genetic potential. [potion
                  | of mutation]
 67184 | Zot:5    | Lost mutation: You occasionally lose the ability to drink
                  | potions when taking damage. [potion of mutation]
 67184 | Zot:5    | Gained mutation: You are frail. (-10% HP) [potion of
                  | mutation]
 67184 | Zot:5    | Gained mutation: Your mind is acute. (Int +4, Str/Dex -1)
                  | [potion of mutation]
 67184 | Zot:5    | Gained mutation: You are strong-willed. (Will+) [potion of
                  | mutation]
 67184 | Zot:5    | Gained mutation: Your flesh is heat resistant. (rF+)
                  | [potion of mutation]
 67185 | Zot:5    | Lost mutation: You have large cloven feet. [potion of
                  | mutation]
 67185 | Zot:5    | Lost mutation: You are strong-willed. (Will+) [potion of
                  | mutation]
 67185 | Zot:5    | Lost mutation: You are frail. (-10% HP) [potion of
                  | mutation]
 67185 | Zot:5    | Gained mutation: You are occasionally teleported next to
                  | monsters. [potion of mutation]
 67190 | Zot:5    | Lost mutation: Your spells are a little easier to cast, but
                  | a little less powerful. [potion of mutation]
 67190 | Zot:5    | Lost mutation: You are occasionally teleported next to
                  | monsters. [potion of mutation]
 67190 | Zot:5    | Gained mutation: Your flesh is cold resistant. (rC+)
                  | [potion of mutation]
 67190 | Zot:5    | Gained mutation: You passively dampen the noise of your
                  | surroundings. [potion of mutation]
 67190 | Zot:5    | Gained mutation: Your mind is very acute. (Int +8, Str/Dex
                  | -2) [potion of mutation]
 67248 | Zot:5    | Got the Orb of Zot
 67270 | Zot:5    | Noticed a seraph
 67308 | Zot:5    | Noticed Damelasm the pandemonium lord
 67907 | D:$      | Escaped with the Orb!

Illustrated notes

Levels and vault maps discovered:
D:1:      onia_arrival_pentagram, layout_basic
D:2:      layout_rooms, kennysheep_big_empty_room
D:3:      layout_rooms, dreamdust_ecumenical_altar_grove, uniq_robin
D:4:      nicolae_cairo_tiling_large_dashed, layout_basic, serial_shops, shop,
          nicolae_lakefront_shop, nicolae_lakefront_shop, enter_ossuary_1,
          nrook_campfire
D:5:      layout_layer_cave, nicolae_elyvilon_peaceful_grove,
          corexii_corridor_pit
D:6:      layout_gridville, chequers_decorated_corner, minivault_27,
          minmay_crossroads
D:7:      layout_cave_pools, mainiacjoe_overflow_six_doors_small,
          minmay_temple_entry_statues_pillars
D:8:      layout_basic, mainiacjoe_overflow_paths, nemelex_spade_bored_becter,
          nicolae_sif_muna_condensation, uniq_grum, uniq_prince_ribbit1
D:9:      layout_rooms, fedhas_altar_4, nicolae_hepliaklqana_ecumenical_no_more,
          lemuel_crystal_altar, orc_0_dummy
D:10:     layout_rooms, uniq_urug, uniq_erica
D:11:     minmay_the_grid_square_5x5_5x5_mashed
          [minmay_the_grid_square_5x5_inner_z,
          minmay_the_grid_square_5x5_misaligned,
          minmay_the_grid_square_5x5_gyroscope,
          minmay_the_grid_square_5x5_almost_minimal,
          minmay_the_grid_square_5x5_sharp_hourglass,
          minmay_the_grid_square_5x5_tri_point,
          minmay_the_grid_square_5x5_prize_gold,
          minmay_the_grid_square_5x5_three,
          minmay_the_grid_square_5x5_prize_itemx,
          minmay_the_grid_square_5x5_moneybag,
          minmay_the_grid_square_5x5_inner_i,
          minmay_the_grid_square_5x5_dogpile,
          minmay_the_grid_square_5x5_prize_deathbox,
          minmay_the_grid_square_5x5_spiral, minmay_the_grid_square_5x5_lines,
          minmay_the_grid_square_5x5_longway,
          minmay_the_grid_square_5x5_prize_monsterx,
          minmay_the_grid_square_5x5_plus,
          minmay_the_grid_square_5x5_prize_junk,
          minmay_the_grid_square_5x5_fat_x,
          minmay_the_grid_square_5x5_bracketed,
          minmay_the_grid_square_5x5_slash,
          minmay_the_grid_square_5x5_minivault, minmay_the_grid_square_5x5_bite,
          minmay_the_grid_square_5x5_corner], layout_irregular_city,
          david_lair_generic, enter_trove_5, serial_column_ruins,
          column_ruins_open_small_water, column_ruins_grid_3,
          column_ruins_grid_1, column_ruins_open_tiny, uniq_nergalle,
          uniq_psyche, uniq_lodul
D:12:     layout_cave_pools, the_hattery
D:13:     layout_basic, serial_shops, nicolae_shop_gaudy_bauble
D:14:     layout_basic, hellmonk_vaults_attempted_burglary, minmay_misc_feat_iff
D:15:     hangedman_depths_entry_civil_slaughter, layout_loops_corners,
          nicolae_gozag_cash_rules_everything_around_me, solitary_fountain
Temple:   minmay_temple_curvy_branch
Lair:1:   layout_long_grid, nicolae_quartered_pool_super, uniq_maggie
Lair:2:   layout_chaotic_city, minmay_snake_entry_guardpost_small
Lair:3:   layout_regular_city, mainiacjoe_swamp_entry_lozenge_pond, basic_altar,
          serial_bayou_pond_a, beast_lair_carwin_7, grunt_megastairs_5,
          infiniplex_staircase_pool_2, uniq_gastronok
Lair:4:   layout_regular_city, minmay_lair_oklob_bushes, evilmike_ambush
          [evilmike_ambush_outer_basic, evilmike_ambush_inner_wall_2],
          grunt_megastairs_3, lemuel_fruit_tree
Lair:5:   hangedman_lair_tendril_chambers, layout_misc_corridors, slime_entry_1,
          hellmonk_ghost_happy_afterlife
Swamp:1:  layout_basic_swamp, nicolae_swamp_little_tower,
          cheibrodos_swamp_minitomb, uniq_frances, uniq_kirke
Swamp:2:  layout_basic_swamp, nicolae_swamp_well_well_well, swamp_pool_1_2
Swamp:3:  layout_basic_swamp, portal_ice_cave_entry_pillars_four,
          evilmike_swamp_ruin_rubble_2, nicolae_swamp_tree_isthmus,
          infiniplex_staircase_pool
Swamp:4:  swamp_alternative, layout_basic_swamp, swamp_pool_3
Snake:1:  layout_grid_maze, serial_shops, nicolae_shop_tiny_real_fake_doors,
          nicolae_shop_hallway_plus, hangedman_snake_corridor_cut,
          nicolae_triple_integral, serial_bayou_shore_b, serial_bayou_shore_b,
          uniq_aizul, uniq_nikola
Snake:2:  nicolae_snake_attic_fulla_snakes, layout_rooms, serial_bayou_shore_a,
          uniq_donald
Snake:3:  layout_cave_town
Snake:4:  snake_pit, layout_misc_corridors, nicolae_snake_snakewalk,
          minmay_shop_grove
Orc:1:    layout_caves
Orc:2:    st_orc_mages, layout_caves, basic_altar, nicolae_specific_store,
          rock_pile
Elf:1:    eino_elf_arrival_the_gate, layout_loops_cross, evilmike_minifort
Elf:2:    elven_hall_of_blades_hangedman_alternative
          [infiniplex_blade_entry_pillars], layout_loops_corners,
          portal_desolation_entry_holy_temple
Elf:3:    minmay_elf_hall, layout_geoelf_octagon, basic_altar,
          dreamdust_wishing_well, nicolae_elf_loose_elemental_storage,
          minmay_shoptagon
Vaults:1: v_pattern_2, nicolae_vaults_house_3, hangedman_vaults_slice,
          nicolae_vaults_house_2, ontoclasm_vaults_chip,
          vaults_room_grunt_arrival_ludios, nicolae_vaults_double_plus_1,
          nicolae_vaults_storage_closets_2, nicolae_vaults_diffraction_hallways,
          hangedman_vaults_slice, nicolae_vaults_trapezoid_1,
          layout_vaults_omnigrid
Vaults:2: nicolae_vaults_little_squares_5, nicolae_vaults_triangles,
          minmay_crypt_entry_simple_walls, v_misc_33,
          nicolae_vaults_closet_pinwheel_2, vaults_dpeg_hooks,
          nicolae_vaults_asterisk, nicolae_vaults_shipping_containers_4,
          nicolae_vaults_trapezoid_layered, nicolae_vaults_house_2,
          vaults_room_stairs_pillars, layout_vaults_omnicross, serial_shops,
          nicolae_diamond_shop
Vaults:3: hangedman_vaults_river_flow, nicolae_vaults_ellipses_ellipsis,
          hangedman_vaults_impose, nicolae_vaults_apartment_1,
          nicolae_vaults_cochlea, v_misc_3, hangedman_vaults_locks,
          nicolae_vaults_house_2, nicolae_vaults_weapon_check,
          ontoclasm_vaults_ring_square, nicolae_vaults_tetromino_T_1, v_misc_2,
          nicolae_vaults_fighting_squares, vaults_room_pool,
          layout_vaults_omnibox, serial_shops, nicolae_shop_tiny_real_fake_doors
Vaults:4: nicolae_vaults_arrows, vaults_mumra_hex, grunt_vaults_hallway_long,
          layout_vaults_chaotic_city, uniq_bai_suzhen
Vaults:5: uniq_saint_roka
Depths:1: layout_gridlike, serial_shops, shop, hell_entry, st_stairs_4,
          moated_statue, minmay_gold_behind_fungi, tgw_lugonu_bribe
Depths:2: dreamdust_tengu_aerie, layout_basic, hell_entry,
          grunt_pan_entry_in_and_out, minmay_staircase_windowed_small
Depths:3: kennysheep_room_grid, layout_cave_shapes, enter_ziggurat_a,
          grunt_hell_entry_dis_old, abyss_entry_crystal, uniq_grunn
Depths:4: grunt_twist_and_shout, layout_long_grid, grunt_decor_resistance,
          hell_entry, hangedman_decor_points
Zot:1:    layout_misc_corridors, ebering_ghost_xom, bh_zot_lava_cross
Zot:2:    layout_basic
Zot:3:    layout_gridlike
Zot:4:    layout_gridville, regret_index_zotdec_glowing_original,
          ebering_ghost_gozag, uniq_josephina
Zot:5:    layout_gridlike, skrybe_zot_glass_1

Skill      XL: |  1  2  3  4  5  6  7  8  9 10 11 12 13 14 15 16 17 18 19 20 21 22 23 24 25 26 |
---------------+-------------------------------------------------------------------------------+-----
Long Blades    | 3 4 5 6 7 8 10 11 13 15 16 17 18 19 20 21 22 | 22.0
Fighting       | 3 4 5 6 7 9 10 11 13 15 16 17 18 20 21 22 | 22.0
Armour         | 2 3 4 5 6 8 10 14 15 16 | 16.2
Dodging        | 3 4 5 6 7 8 9 10 12 14 15 18 20 23 24 25 27 | 27.0
Shields        | 3 4 5 6 8 14 15 16 17 18 20 | 20.0
Ranged Weapons | 16 18 | 18.0

Action                     |  1- 3 |  4- 6 |  7- 9 | 10-12 | 13-15 | 16-18 | 19-21 | 22-24 | 25-27 || total
---------------------------+-------+-------+-------+-------+-------+-------+-------+-------+-------++-------
  Melee: Falchion          |   139 |   332 |   414 |   628 |  1803 |       |       |       |       ||  3316
         Punch             |     1 |     5 |     1 |       |       |       |       |       |       ||     7
         Demon trident     |       |       |       |    17 |       |       |       |       |       ||    17
         Long sword        |       |       |       |       |   126 |       |       |       |       ||   126
         Scimitar          |       |       |       |       |    44 |  1151 |       |       |       ||  1195
         Demon blade       |       |       |       |       |       |   425 |  1735 |  2079 |  1028 ||  5267
         Unarmed           |       |       |       |       |       |       |     2 |       |       ||     2
   Fire: Hand cannon       |       |       |       |       |       |       |       |     8 |    69 ||    77
  Throw: Dart              |       |       |       |    13 |    42 |       |       |       |       ||    55
 Invoke: Berserk           |       |     2 |     9 |    19 |    14 |     5 |       |       |     2 ||    51
         Trog's Hand       |       |       |       |     2 |       |     7 |     2 |     3 |     2 ||    16
         Brothers in Arms  |       |       |       |       |       |       |       |     1 |       ||     1
  Evoke: Wand              |       |       |       |     1 |     7 |     1 |       |       |       ||     9
    Use: Scroll            |       |     9 |     6 |    11 |     9 |    27 |     8 |    13 |    10 ||    93
         Potion            |       |       |     2 |       |     8 |     9 |     1 |     3 |    16 ||    39
   Stab: Sleeping          |     2 |       |       |       |       |       |       |       |     1 ||     3
         Distracted        |       |       |       |       |       |     5 |       |     2 |       ||     7
         Invisible         |       |       |       |       |       |       |     2 |       |       ||     2
 Armour: Animal skin       |    64 |       |       |       |       |       |       |       |       ||    64
         Leather armour    |    12 |     1 |       |       |       |       |       |       |       ||    13
         Plate armour      |       |   270 |   517 |   245 |       |       |       |       |       ||  1032
         Chain mail        |       |       |       |   258 |  1097 |   806 |   761 |   667 |   460 ||  4049
         Skin              |       |       |       |       |       |       |     1 |       |       ||     1
  Dodge: Dodged            |   104 |    70 |   120 |   156 |   616 |   753 |  1190 |  1412 |   690 ||  5111
  Block: Kite shield       |       |       |    73 |   287 |   955 |  1009 |  1531 |  1736 |   812 ||  6403

Table legend: (Time is in decaauts)
 A = Elapsed time spent in this place.
 B = Non-inter-level travel time spent in this place.
 C = Inter-level travel time spent in this place.
 D = Time resting spent in this place.
 E = Time spent auto-exploring this place.
 F = Levels seen in this place.
 G = Mean time per level.
                   A        B        C        D        E       F      G
               +--------+--------+--------+--------+--------+-----+--------+
         Total |  66021 |  61935 |   4086 |   7571 |  34030 |  59 | 1119.0 |
       Dungeon |  22327 |  20257 |   2070 |   3975 |  11080 |  15 | 1488.5 |
        Temple |      1 |      0 |      1 |      0 |      0 |   1 |    1.0 |
          Lair |  10125 |   9658 |    467 |    869 |   6410 |   5 | 2025.0 |
         Swamp |   2643 |   2512 |    131 |    103 |   1678 |   4 |  660.8 |
     Snake Pit |   4543 |   4262 |    281 |    220 |   2374 |   4 | 1135.8 |
  Orcish Mines |   2381 |   2208 |    173 |    264 |   1282 |   2 | 1190.5 |
   Elven Halls |   3824 |   3552 |    272 |     58 |   1796 |   3 | 1274.7 |
        Vaults |   6776 |   6486 |    290 |    178 |   3932 |   5 | 1355.2 |
        Depths |   3973 |   3741 |    232 |    275 |   2362 |   4 |  993.2 |
           Zot |   6304 |   6136 |    168 |   1020 |   2597 |   5 | 1260.8 |
         Abyss |    108 |    108 |      0 |     43 |      0 |   1 |  108.0 |
      Ziggurat |    531 |    531 |      0 |    251 |      0 |   6 |   88.5 |
         Trove |     86 |     86 |      0 |      0 |      0 |   1 |   86.0 |
       Ossuary |    803 |    803 |      0 |    239 |    233 |   1 |  803.0 |
      Ice Cave |     72 |     72 |      0 |      0 |      0 |   1 |   72.0 |
    Desolation |   1519 |   1519 |      0 |     75 |    284 |   1 | 1519.0 |
               +--------+--------+--------+--------+--------+-----+--------+

Top non-repeatable levels by time:
  Lair:5: 3497 daAuts
    D:11: 3176 daAuts
    D:10: 3059 daAuts
   Zot:5: 2042 daAuts
  Lair:4: 1959 daAuts
    D:14: 1925 daAuts
  Lair:3: 1745 daAuts
  Lair:2: 1686 daAuts
     D:5: 1669 daAuts
Vaults:5: 1646 daAuts
    D:15: 1607 daAuts
     D:4: 1539 daAuts
Vaults:4: 1534 daAuts
     D:6: 1522 daAuts
Desolation: 1519 daAuts
